 Dungeon Crawl Stone Soup version 0.24-a0-408-gcc1054c7ca (webtiles) character file.

Game seed: 7195368513623931749

177283 D1HalberdGnoll the Warrior (level 17, -5/158 HPs)
             Began as a Black Draconian Fire Elementalist on June 5, 2019.
             Was an Elder of Sif Muna.
             Slain by a wolf spider (7 damage)
             ... on level 1 of the Spider Nest.
             The game lasted 02:00:16 (57752 turns).

D1HalberdGnoll the Warrior (DrFE)                  Turns: 57752, Time: 02:00:16

Health: -5/158     AC: 12    Str: 12    XL:     17   Next: 25%
Magic:  8/42       EV: 17    Int: 21    God:    Sif Muna [****..]
Gold:   1748       SH:  6    Dex: 12    Spells: 5/40 levels left

rFire    . . .     SeeInvis .   r - +5 long sword (freeze)
rCold    . . .     Gourm    +   H - +0 buckler
rNeg     . . .     Faith    .   (armour unavailable)
rPois    +         Spirit   .   s - +2 hat
rElec    +         Reflect  .   k - scarf {repulsion}
rCorr    .         Harm     .   O - +0 pair of gloves of the Cuttlefish {rPois}
MR       +....                  (no boots)
Stlth    ++........             S - amulet of the gourmand
HPRegen  0.36/turn              o - ring of magical power
MPRegen  0.28/turn              M - ring of wizardry

@: lethally poisoned (-5 -> -11), short of breath, flying, very slightly
contaminated, repel missiles
A: breathe lightning, unfitting armour, big wings, electricity resistance,
cold-blooded, AC +9
}: 1/15 runes: decaying
a: Breathe Lightning, Stop Flying, Divine Energy, Channel Magic, Forget Spell,
Renounce Religion


You were on level 1 of the Spider Nest.
You worshipped Sif Muna.
Sif Muna was greatly pleased with you.
You were not hungry.

You visited 6 branches of the dungeon, and saw 29 of its levels.
You visited the Abyss 1 time.

You collected 2848 gold pieces.
You spent 1100 gold pieces at shops.

Inventory:

Hand Weapons
 r - a +5 long sword of freezing (weapon)
Missiles
 x - 3 throwing nets (quivered)
Armour
 k - a scarf of repulsion (worn)
 s - a +2 hat (worn)
 H - a +0 buckler (worn)
 J - a +0 shield
 O - the +0 pair of gloves of the Cuttlefish (worn) {rPois}
   (You found it on level 6 of the Lair of Beasts)

   It protects you from poison.
 R - a +1 buckler of protection
Jewellery
 o - a ring of magical power (left hand)
 w - an uncursed amulet of the acrobat
 A - an uncursed ring of protection from magic
 M - a ring of wizardry (right hand)
 P - an uncursed ring of protection from magic
 S - an amulet of the gourmand (around neck)
Wands
 h - a wand of polymorph (25)
 l - a wand of random effects (63)
 v - a wand of disintegration (57)
 y - a wand of acid (26)
 E - a wand of paralysis (15)
 G - a wand of iceblast (13)
 I - a wand of flame (45)
Scrolls
 a - 5 scrolls of identify
 d - 9 scrolls of remove curse
 e - 6 scrolls of immolation
 i - a scroll of teleportation
 B - 8 scrolls of enchant armour
 C - 8 scrolls of amnesia
 K - 3 scrolls of enchant weapon
 N - 8 scrolls of fog
Potions
 c - 5 potions of might
 f - 3 potions of magic
 j - 2 potions of mutation
 n - 3 potions of lignification
 p - 14 potions of curing
 q - a potion of ambrosia
 t - 4 potions of agility
 z - 4 potions of flight
 D - 4 potions of haste
 F - 5 potions of cancellation
 L - a potion of berserk rage
Miscellaneous
 u - a lamp of fire
Comestibles
 b - 6 rations


   Skills:
 + Level 15.8 Fighting
 - Level 10.0 Dodging
 - Level 1.7 Stealth
 + Level 10.7 Shields
 - Level 12.0 Spellcasting
 * Level 14.8 Conjurations
 + Level 11.0 Fire Magic
 - Level 10.0 Invocations


You had 5 spell levels left.
You knew the following spells:

 Your Spells              Type           Power        Failure   Level  Hunger
a - Flame Tongue          Conj/Fire      #####        1%          1    None
b - Conjure Flame         Conj/Fire      ######..     1%          3    None
c - Sticky Flame          Conj/Fire      ######..     1%          4    None
d - Fireball              Conj/Fire      ######....   1%          5    ####...
e - Mephitic Cloud        Conj/Pois/Air  ####....     1%          3    None
f - Stone Arrow           Conj/Erth      #####.       1%          3    None
g - Summon Lightning Spi  Summ/Air       ##......     21%         4    None
k - Blink                 Tloc           N/A          3%          2    None
l - Passwall              Tmut/Erth      ##......     3%          2    None
o - Orb of Destruction    Conj           ######....   4%          7    #######
s - Animate Skeleton      Necr           N/A          2%          1    None

Your spell library contained the following spells:

 Spells                   Type           Power        Failure   Level  Hunger
 Magic Dart               Conj           ####         0%          1    None
 Searing Ray              Conj           ######       0%          2    None
 Sting                    Conj/Pois      ####         1%          1    None
 Throw Flame              Conj/Fire      ######       1%          2    None
 Throw Frost              Conj/Ice       #####.       1%          2    None
 Dazzling Spray           Conj/Hex       #####.       1%          3    None
 Ignite Poison            Fire/Tmut/Pois ####....     1%          3    None
 Inner Flame              Hex/Fire       #####...     1%          3    None
 Force Lance              Conj/Tloc      #####...     1%          4    None
 Fulminant Prism          Conj/Hex       #####.....   1%          4    None
 Iskenderun's Mystic Bla  Conj           ######..     1%          4    None
 Corona                   Hex            ##.....      2%          1    None
 Pain                     Necr           ##..         2%          1    None
 Sandblast                Erth           ##....       2%          1    None
 Summon Butterflies       Summ           ##......     2%          1    None
 Venom Bolt               Conj/Pois      #####.....   2%          5    ####...
 Call Imp                 Summ           ##......     3%          2    None
 Ensorcelled Hibernation  Hex/Ice        ##....       3%          2    None
 Poisonous Vapours        Pois/Air       ##....       3%          2    None
 Shroud of Golubria       Chrm/Tloc      ##....       3%          2    None
 Slow                     Hex            ##......     3%          2    None
 Swiftness                Chrm/Air       ##......     3%          2    None
 Call Canine Familiar     Summ           ##......     6%          3    None
 Confuse                  Hex            ##......     6%          3    None
 Recall                   Summ/Tloc      N/A          6%          3    None
 Regeneration             Chrm/Necr      ##........   6%          3    None
 Tukima's Dance           Hex            ##......     6%          3    None
 Vampiric Draining        Necr           ##........   6%          3    None
 Airstrike                Air            ##........   21%         4    None
 Animate Dead             Necr           N/A          21%         4    None
 Ice Form                 Ice/Tmut       ##......     21%         4    None
 Olgreb's Toxic Radiance  Pois           ##......     21%         4    None
 Passage of Golubria      Tloc           N/A          21%         4    None
 Petrify                  Tmut/Erth      ##......     21%         4    None
 Summon Ice Beast         Ice/Summ       ##......     21%         4    None
 Aura of Abjuration       Summ           ##........   47%         5    ####...
 Lee's Rapid Deconstruct  Erth           ##........   47%         5    ####...
 Silence                  Hex/Air        ##........   47%         5    ####...
 Summon Demon             Summ           ##........   47%         5    ####...
 Summon Forest            Summ/Tloc      ##........   47%         5    ####...
 Summon Mana Viper        Hex/Summ       ##......     47%         5    ####...
 Bolt of Cold             Conj/Ice       #####.....   16%         6    #####..
 Shadow Creatures         Summ           N/A          95%         6    #####..
 Death's Door             Chrm/Necr      ##........   100%        8    #######
 Glaciate                 Conj/Ice       #####.....   100%        9    #######


Dungeon Overview and Level Annotations

Branches:
Dungeon (15/15)            Temple (1/1) D:5            Lair (6/6) D:10
  Swamp (4/4) Lair:3       Spider (1/4) Lair:2        Slime (0/5) Lair:6
    Orc (2/2) D:11            Elf (0/3) Orc:2        Vaults (0/5) D:14
 Depths (0/5) D:15

Altars:
Ashenzari
Cheibriados
Dithmenos
Elyvilon
Fedhas
Gozag
Hepliaklqana
Kikubaaqudgha
Makhleb
Nemelex Xobeh
Okawaru
Qazlal
Ru
Sif Muna
Trog
Uskayaw
Vehumet
Wu Jian
Xom
Yredelemnul
Zin
The Shining One
Beogh
Jiyva

Shops:
D:5 !   D:10 *   Orc:2 [[=

Portals:
Trove: D:11 (give 15 potions of curing)

Annotations:
D:3 Grinder
D:4 2 runed translucent doors, Peloso's ghost, amateur MiFi
D:11 exclusion: 2 downstairs
D:14 exclusion: downstairs
D:15 3 runed translucent doors, vurker's ghost, journeyman MiBe
Lair:2 3 runed translucent doors, Dasij's ghost, journeyman VSMo
Lair:3 2 transporters


Innate Abilities, Weirdness & Mutations

You can breathe wild blasts of lightning.
Your glossy black scales are hard. (AC +9)
You cannot fit into any form of body armour.
Your large and strong wings let you fly indefinitely.
You are resistant to electric shocks. (rElec)
You are cold-blooded and may be slowed by cold attacks.


Message History

Confirm with . or Enter, or press ? or * to list all spells.
You blink.
You feel sick. The wolf spider hits you.
* * * LOW HITPOINT WARNING * * *
You block the wolf spider's attack.
Casting: Blink (safe; 3% risk of failure)
Confirm with . or Enter, or press ? or * to list all spells.
You blink.
You feel sick.
You hear an angry hiss.
As you read the scroll of fear, it crumbles to dust.
You assume a fearsome visage.
The moth of wrath looks frightened!
You feel sick. You block the wolf spider's attack.
The wolf spider closely misses you. You block the wolf spider's attack.
The wolf spider misses you.
Casting: Blink (safe; 3% risk of failure)
Confirm with . or Enter, or press ? or * to list all spells.
You blink.
You feel sick. You block the wolf spider's attack.
The wolf spider barely misses you. The wolf spider hits you!
* * * LOW HITPOINT WARNING * * *
The wolf spider bites you!
You die...

. #. .###...# #.
##.###..#†#..#
#......##....#
#..##.^##.#
#.!#.†..#.#
#^.†#..##.#
###.y..§..# #
#..^.#...# #
###..#.#s@## #
####.<.##.§^#.# #
###^##....##..#.#
###..(.#..#.#.#...#
#..^......#....#..#
...####.###.......#
...# ####..#.##..#
#### ###### ###


You could see a wolf spider (berserk).

Vanquished Creatures
  Saint Roka (Orc:2)
  A tentacled monstrosity (Swamp:3)
  Jorgrun (D:11)
  Agnes (D:14)
  2 thorn hunters
  An emperor scorpion (Spider:1)
  An orc warlord (D:11)
  Louise (D:15)
  A very ugly thing (Swamp:4)
  A caustic shrike skeleton (D:15)
  Nessos (D:11)
  The ghost of dricus the Black Belt, a journeyman OpTm of Okawaru (Orc:1)
  A dire elephant (Lair:6)
  A spark wasp (Spider:1)
  2 green deaths (Swamp:4)
  13 hydras
  Fannar (D:12)
  4 shambling mangroves
  2 centaur warriors
  2 two-headed ogres
  A catoblepas (Lair:6)
  A death knight (D:13)
  17 alligators
  A deep troll shaman (Lair:6)
  6 death yaks
  A vampire mage (D:15)
  A thrashing horror (Swamp:4)
  A tengu warrior (D:14)
  An orc high priest (Orc:1)
  A sun demon (D:13)
  3 skeletal warriors
  8 swamp dragons
  A spriggan druid (Swamp:3)
  2 wizards (D:14)
  4 unseen horrors
  2 phantasmal warriors (D:13)
  A necromancer (D:15)
  4 orc knights (Orc:2)
  A sphinx skeleton (D:15)
  3 orb spiders (Spider:1)
  2 oklob plants (Lair:5)
  2 deep elf magi
  8 wolf spiders (Spider:1)
  3 cyclopes
  13 ugly things
  A moth of wrath (Spider:1)
  3 manticores
  2 large abominations (Swamp:4)
  6 black mambas
  Maurice (Orc:2)
  9 elephants
  2 orange demons (Swamp:4)
  A gargoyle (D:13)
  5 centaur skeletons
  16 spiny frogs
  2 rime drakes (Lair:5)
  2 kobold demonologists (Swamp:3)
  10 komodo dragons
  3 demonic crawlers
  An efreet (D:13)
  4 yaktaurs
  A freezing wraith (D:13)
  A tengu conjurer (D:14)
  6 jumping spiders (Spider:1)
  7 trolls
  5 polar bears
  15 tyrant leeches
  2 yaktaur skeletons (D:15)
  13 hornets
  8 blink frogs
  21 slime creatures
  8 hippogriffs
  2 small abominations
  A blink frog (shapeshifter) (D:13)
  8 bog bodies
  6 tarantellas (Spider:1)
  21 redbacks
  5 shadows
  3 wyverns
  A wraith (D:14)
  50 yaks
  5 spriggans
  4 basilisks
  3 hungry ghosts
  A steam dragon (D:10)
  9 vampire mosquitoes
  Menkaure (D:4)
  13 swamp worms
  14 insubstantial wisps
  7 water moccasins
  3 wargs (Orc:1)
  An acid dragon (D:14)
  7 porcupines
  47 orc warriors
  2 sky beasts
  5 swamp drakes (Swamp:2)
  2 ice beasts
  2 black bears
  A necrophage (D:11)
  4 boggarts (D:15)
  2 phantoms
  8 ogres
  17 wolves
  15 centaurs
  10 crocodiles
  2 big kobolds
  Blork the orc (D:6)
  A wyvern zombie (D:8)
  17 bullfrogs
  3 wyvern skeletons
  18 killer bees
  5 scorpions
  19 wights
  2 electric eels
  A howler monkey (D:4)
  2 crimson imps (D:14)
  2 bullfrog skeletons
  5 centaur zombies
  3 hounds
  5 jellies
  Crazy Yiuf (D:7)
  16 orc priests
  An iron imp (D:13)
  Jessica (D:2)
  An iguana (D:8)
  17 orc wizards
  12 worker ants
  A hound zombie (D:9)
  4 hound skeletons
  2 worker ant zombies
  Robin (D:2)
  A howler monkey skeleton (D:9)
  14 adders
  6 gnolls
  7 shadow imps
  4 oozes
  2 adder skeletons (D:6)
  3 worms (D:2)
  3 dart slugs
  6 leopard geckos
  108 orcs
  5 giant cockroaches
  18 goblins
  9 hobgoblins
  7 jackals
  7 quokkas
  7 bats
  5 frilled lizards
  A jackal skeleton (D:7)
  24 kobolds
  A quokka zombie (D:6)
  7 rats
  8 briar patches
  A fungus (Lair:4)
  3 plants
962 creatures vanquished.

Vanquished Creatures (collateral kills)
  An alligator (Swamp:1)
  2 swamp dragons
  A tyrant leech (Swamp:3)
  A bog body (Swamp:3)
  3 slime creatures (Swamp:1)
  3 insubstantial wisps (Swamp:1)
  2 swamp worms
  3 swamp drakes
  A centaur (Orc:2)
  An ogre (Orc:2)
18 creatures vanquished.

Vanquished Creatures (others)
  4 briar patches
  15 fungi
  14 plants
33 creatures vanquished.

Grand Total: 1013 creatures vanquished

Notes
Turn   | Place    | Note
-------+----------+-------------------------------------------
     0 | D:1      | D1HalberdGnoll the Draconian Fire Elementalist began the
                  | quest for the Orb.
     0 | D:1      | Reached XP level 1. HP: 14/14 MP: 3/3
   254 | D:1      | Reached XP level 2. HP: 22/22 MP: 3/5
   801 | D:1      | Reached skill level 1 in Fighting
   957 | D:2      | Reached XP level 3. HP: 27/28 MP: 4/6
   959 | D:2      | Noticed Robin
  1004 | D:1      | HP: 1/28 [something/magic dart (6)]
  2071 | D:2      | Reached XP level 4. HP: 35/35 MP: 7/7
  2384 | D:2      | Found a faded altar of an unknown god.
  2464 | D:2      | Learned a level 3 spell: Conjure Flame
  2707 | D:2      | Reached skill level 2 in Fighting
  2797 | D:2      | Reached XP level 5. HP: 41/41 MP: 3/8
  2846 | D:2      | Killed Robin
  3378 | D:2      | Noticed Jessica
  3393 | D:2      | Killed Jessica
  3681 | D:3      | Learned a level 4 spell: Sticky Flame
  4185 | D:3      | Noticed Grinder
  4806 | D:4      | Reached XP level 6. HP: 50/50 MP: 8/10
  4836 | D:4      | Noticed Menkaure
  4840 | D:4      | Killed Menkaure
  4840 | D:4      | Reached skill level 5 in Fire Magic
  5046 | D:4      | Found a stormy altar of Qazlal.
  5047 | D:4      | Found a glowing golden altar of the Shining One.
  5049 | D:4      | Found a basalt altar of Yredelemnul.
  5108 | D:4      | Found a runed translucent door.
  5214 | D:4      | Noticed Peloso's ghost (amateur MiFi)
  5398 | D:4      | Found a runed translucent door.
  5434 | D:5      | Entered Level 5 of the Dungeon
  5489 | D:5      | Reached skill level 3 in Fighting
  5489 | D:5      | Your scales start taking on a glossy black colour.
  5489 | D:5      | Reached XP level 7. HP: 49/57 MP: 11/11
  5489 | D:5      | Gained mutation: You are resistant to electric shocks.
                  | (rElec) [Black Draconian growth]
  5668 | D:5      | Found Cehiriat's Distillery.
  5672 | D:5      | Bought a potion of heal wounds for 55 gold pieces
  5745 | D:5      | Found a staircase to the Ecumenical Temple.
  5755 | Temple   | Entered the Ecumenical Temple
  5843 | Temple   | Became a worshipper of Sif Muna the Loreminder
  5998 | D:5      | Found a shadowy altar of Dithmenos.
  6734 | D:6      | Reached XP level 8. HP: 33/66 MP: 13/13
  6740 | D:6      | Reached * piety under Sif Muna
  6740 | D:6      | Reached skill level 4 in Fighting
  7190 | D:6      | Found a snail-covered altar of Cheibriados.
  7303 | D:6      | Reached skill level 5 in Fighting
  7540 | D:6      | Noticed Blork the orc
  7546 | D:6      | Killed Blork the orc
  7671 | D:7      | Found a shattered altar of Ashenzari.
  7704 | D:7      | Reached skill level 5 in Conjurations
  8017 | D:7      | Found a runed translucent door.
  8018 | D:7      | Noticed Crazy Yiuf
  8101 | D:7      | Found a hide-covered altar of Uskayaw.
  8104 | D:7      | Noticed a -2 dagger
  8105 | D:7      | Noticed a +0 dagger
  8123 | D:7      | Reached skill level 5 in Spellcasting
  8123 | D:7      | Reached skill level 1 in Invocations
  8164 | D:7      | Reached skill level 5 in Dodging
  8164 | D:7      | Reached XP level 9. HP: 74/74 MP: 16/16
  8297 | D:7      | Found a shadowy altar of Dithmenos.
  8651 | D:7      | Killed Crazy Yiuf
  9337 | D:8      | Reached skill level 6 in Fighting
  9662 | D:8      | Reached ** piety under Sif Muna
  9900 | D:8      | Found a bloodstained altar of Trog.
 10393 | D:9      | Found a sacrificial altar of Ru.
 10430 | D:9      | Noticed a troll
 10446 | D:9      | Killed a troll
 11158 | D:9      | Learned a level 5 spell: Fireball
 11161 | D:9      | Learned a level 2 spell: Passwall
 11164 | D:9      | Learned a level 2 spell: Blink
 11186 | D:10     | Entered Level 10 of the Dungeon
 11230 | D:10     | Reached skill level 7 in Fighting
 11256 | D:10     | Reached XP level 10. HP: 86/86 MP: 19/19
 11575 | D:5      | Bought a potion of experience for 550 gold pieces
 11575 | D:5      | Reached *** piety under Sif Muna
 11575 | D:5      | Reached **** piety under Sif Muna
 11575 | D:5      | Reached skill level 10 in Spellcasting
 11575 | D:5      | Reached XP level 11. HP: 92/92 MP: 25/25
 11852 | D:10     | Found a staircase to the Lair.
 11980 | D:9      | Reached skill level 5 in Invocations
 12722 | D:10     | Found Fecsosm's Elemental Accessories.
 13603 | Lair:1   | Entered Level 1 of the Lair of Beasts
 13824 | Lair:1   | Reached skill level 8 in Fighting
 13831 | Lair:1   | Reached ***** piety under Sif Muna
 13858 | Lair:1   | Identified Jupeyrre's Papyrus of Spatial Arcane Weapons
                  | (Sif Muna gifted it to you on level 1 of the Lair of
                  | Beasts)
 13858 | Lair:1   | Received a gift from Sif Muna
 14310 | Lair:1   | Noticed a seven-headed hydra
 14331 | Lair:1   | Killed a seven-headed hydra
 16049 | Lair:1   | Reached XP level 12. HP: 87/103 MP: 19/27
 16822 | Lair:2   | Noticed a five-headed hydra
 16827 | Lair:2   | Killed a five-headed hydra
 17210 | Lair:2   | Found a runed translucent gate.
 17212 | Lair:2   | Found a runed translucent gate.
 17213 | Lair:2   | Found a runed translucent gate.
 17213 | Lair:2   | Noticed Dasij's ghost (journeyman VSMo)
 17256 | Lair:2   | Found a hole to the Spider Nest.
 18451 | Lair:3   | Reached skill level 9 in Fighting
 18544 | Lair:3   | Learned a level 3 spell: Mephitic Cloud
 18796 | Lair:3   | Found a transporter.
 19227 | Lair:3   | Found a transporter.
 19655 | Lair:3   | Found a staircase to the Swamp.
 20199 | Lair:4   | Identified a scroll of acquirement
 20200 | Lair:4   | Got a transparent amethyst amulet
 20201 | Lair:4   | Identified the amulet of the Hippo {Gourm *Contam rElec
                  | Dex+6 Slay+4} (You acquired it on level 4 of the Lair of
                  | Beasts)
 20451 | Lair:4   | Noticed a five-headed hydra
 20457 | Lair:4   | Killed a five-headed hydra
 21666 | Lair:5   | Noticed a seven-headed hydra
 21672 | Lair:5   | Killed a seven-headed hydra
 21672 | Lair:5   | Reached XP level 13. HP: 93/112 MP: 14/29
 22635 | Lair:6   | Entered Level 6 of the Lair of Beasts
 22726 | Lair:5   | Reached skill level 10 in Fighting
 23711 | Lair:6   | Learned a level 7 spell: Orb of Destruction
 24034 | Lair:6   | Found a runed translucent door.
 24034 | Lair:6   | Found a viscous altar of Jiyva.
 24034 | Lair:6   | Found a staircase to the Slime Pits.
 24047 | Lair:6   | Identified Sif Muna's Collected Works on Venomous Sinister
                  | Arts (Sif Muna gifted it to you on level 6 of the Lair of
                  | Beasts)
 24047 | Lair:6   | Received a gift from Sif Muna
 25126 | Lair:6   | Reached skill level 10 in Fire Magic
 25847 | Lair:6   | Reached skill level 11 in Fighting
 25849 | Lair:6   | Noticed a dire elephant
 25874 | Lair:6   | Killed a dire elephant
 26302 | Lair:6   | Identified Sif Muna's Volume of Transmigration and Feathers
 26308 | Lair:6   | Got a pair of pitted gloves
 26476 | Lair:6   | Identified the +0 pair of gloves of the Cuttlefish {rPois}
                  | (You found it on level 6 of the Lair of Beasts)
 26669 | D:11     | Learned a level 3 spell: Stone Arrow
 26846 | D:11     | Found a portal to a secret trove of treasure.
 27125 | D:11     | Found a staircase to the Orcish Mines.
 27221 | D:11     | Reached skill level 10 in Invocations
 27221 | D:11     | Gained mutation: Your large and strong wings let you fly
                  | indefinitely. [Black Draconian growth]
 27221 | D:11     | Reached XP level 14. HP: 115/124 MP: 25/30
 27936 | D:12     | Noticed Jorgrun
 28048 | D:11     | Found a staircase to the Orcish Mines.
 28301 | D:11     | Found a portal to a secret trove of treasure.
 29924 | D:12     | Noticed Nessos
 29929 | D:11     | Reached skill level 10 in Dodging
 30210 | D:12     | Paralysed by Nessos for 4 turns
 30245 | D:11     | Killed Jorgrun
 30664 | D:11     | Found a staircase to the Orcish Mines.
 30666 | D:11     | Found a portal to a secret trove of treasure.
 30693 | D:11     | Killed Nessos
 31604 | D:12     | Noticed Fannar
 31609 | D:12     | Killed Fannar
 32425 | D:13     | Reached skill level 10 in Conjurations
 32697 | D:13     | Reached skill level 1 in Shields
 32899 | D:13     | Learned a level 1 spell: Animate Skeleton
 33311 | D:13     | Reached skill level 12 in Fighting
 34108 | D:14     | Identified Sif Muna's Collected Works on Glacial Companions
                  | (Sif Muna gifted it to you on level 14 of the Dungeon)
 34108 | D:14     | Received a gift from Sif Muna
 34870 | D:14     | Found a gate to the Vaults.
 34908 | D:14     | Found a roughly hewn altar of Beogh.
 35059 | D:15     | Entered Level 15 of the Dungeon
 35129 | D:15     | Found a gate leading to a gauntlet.
 35139 | D:15     | Noticed Louise
 35168 | D:15     | Cast into level 3 of the Abyss (Louise)
 35179 | D:15     | Escaped the Abyss
 35180 | D:15     | Killed Louise
 35313 | D:15     | Noticed Agnes
 35807 | D:14     | Killed Agnes
 36279 | D:15     | Reached XP level 15. HP: 33/134 MP: 23/31
 36694 | D:15     | Found a staircase to the Depths.
 37526 | D:15     | Found a runed translucent gate.
 37526 | D:15     | Found a runed translucent gate.
 37526 | D:15     | Found a runed translucent gate.
 37540 | D:15     | Reached skill level 5 in Shields
 37549 | D:15     | Reached skill level 13 in Fighting
 37568 | D:15     | Noticed vurker's ghost (journeyman MiBe)
 38071 | Orc:1    | Entered Level 1 of the Orcish Mines
 38071 | Orc:1    | Noticed an orc warlord
 38237 | D:11     | Killed an orc warlord
 38526 | Orc:2    | Entered Level 2 of the Orcish Mines
 38799 | Orc:1    | Found a runed translucent door.
 38802 | Orc:1    | Noticed dricus's ghost (journeyman OpTm)
 38986 | Orc:1    | Killed dricus's ghost
 39691 | Orc:2    | Found a staircase to the Elven Halls.
 40713 | Orc:2    | Received a gift from Sif Muna
 41060 | Orc:2    | Noticed Maurice
 41074 | Orc:2    | Killed Maurice
 42001 | Orc:2    | Noticed Saint Roka
 42853 | Orc:2    | Killed Saint Roka
 43189 | Orc:2    | Found Tuef's Armour Shoppe.
 43189 | Orc:2    | Found Aczass's Armour Boutique.
 43189 | Orc:2    | Found Hyzicorus's Jewellery Shop.
 43192 | Orc:2    | Found Kacapuwu's Food Emporium.
 43204 | Orc:2    | Bought a ration for 55 gold pieces
 43204 | Orc:2    | Bought a ration for 55 gold pieces
 43204 | Orc:2    | Bought a ration for 55 gold pieces
 43204 | Orc:2    | Bought a ration for 55 gold pieces
 43513 | Swamp:1  | Entered Level 1 of the Swamp
 46574 | Swamp:2  | Reached XP level 16. HP: 114/145 MP: 27/32
 47001 | Swamp:2  | Noticed a thorn hunter
 47017 | Swamp:2  | Killed a thorn hunter
 47017 | Swamp:2  | Reached skill level 14 in Fighting
 49265 | Swamp:4  | Entered Level 4 of the Swamp
 50625 | Swamp:4  | Noticed a thorn hunter
 50640 | Swamp:4  | Killed a thorn hunter
 50640 | Swamp:4  | Reached skill level 15 in Fighting
 52075 | Swamp:4  | Noticed a tentacled monstrosity
 52272 | Swamp:3  | Killed a tentacled monstrosity
 52272 | Swamp:3  | Reached skill level 10 in Shields
 54220 | Swamp:4  | Got a decaying rune of Zot
 55265 | Orc:2    | Bought a ration for 55 gold pieces
 55265 | Orc:2    | Bought a ration for 55 gold pieces
 55265 | Orc:2    | Bought a ration for 55 gold pieces
 55265 | Orc:2    | Bought a ration for 55 gold pieces
 55265 | Orc:2    | Bought a ration for 55 gold pieces
 55560 | D:13     | Reached XP level 17. HP: 156/156 MP: 33/33
 55666 | D:13     | Learned a level 4 spell: Summon Lightning Spire
 55853 | Spider:1 | Entered Level 1 of the Spider Nest
 57752 | Spider:1 | HP: 2/158 [wolf spider (15)]
 57752 | Spider:1 | Slain by a wolf spider

Levels and vault maps discovered:
D:1:      dpeg_arrival_rooms_a, layout_loops_ring, minmay_pentomino_s4
D:2:      layout_basic, chequers_ecumenical_altar_twisty, uniq_robin,
          uniq_jessica
D:3:      wad_crossroads, layout_loops_corners, first_ration,
          serial_bayou_lagoon_b, uniq_grinder
D:4:      cheibrodos_barr_body, layout_loops_ring, grunt_temple_overflow_open,
          ebering_ghost_sewer_f, grunt_decor_resistance, uniq_menkaure
D:5:      layout_gridville, minmay_temple_entry_mini_moons, serial_shops, shop,
          basic_altar, serial_bayou_crossing
D:6:      layout_loops_ring, basic_altar, kennysheep_dice, uniq_blork_the_orc
D:7:      layout_basic, lemuel_doored_altar, dancing_weapons_uskayaw,
          grunt_ogre_cave, nicolae_dithmenos_through_a_glass_darkly,
          uniq_crazy_yiuf_cottage
D:8:      layout_rooms, nicolae_overflow_hidden_temple
D:9:      minmay_blocky_corners, layout_basic, enter_bailey_2,
          nicolae_ru_sacrificial_ziggurat
D:10:     layout_basic, grunt_lair_entry_orc_guard_hut, st_stairs_11,
          nicolae_elemental_shop
D:11:     layout_basic, hiddenorc2_lemuel, nicolae_trove_entry_crossroad
D:12:     layout_cave_pools, uniq_nessos, uniq_jorgrun, uniq_fannar
D:13:     kennysheep_demon_hangout, layout_stronghold
D:14:     layout_basic, david_vaults_1, special_room [special_room_orc]
D:15:     gammafunk_depths_entry_grave, layout_irregular_city,
          hangedman_decor_clover_reticule, gauntlet_entry_generic,
          gammafunk_ghost_hydra_chop, uniq_agnes, uniq_louise
Temple:   compressed_dpeg_circular_temple
Lair:1:   layout_loops_ring, fungi_pond_lemuel, serial_bayou_shore_b,
          infiniplex_staircase_pool
Lair:2:   layout_hall_layers, spider_nest_entry_webs, gammafunk_ghost_necromancy
Lair:3:   gammafunk_cloud_chamber, layout_small_grid, minmay_swamp_entry_swarm,
          grunt_forest_stairs_clearing
Lair:4:   layout_loops_ring
Lair:5:   layout_loops_ring, enter_volcano_1, cheibrodos_lair_reptile_den,
          minmay_lair_oklob_chamber
Lair:6:   grunt_lair_end_beastmaster, layout_big_grid, slime_altar_2,
          grunt_megastairs_4
Swamp:1:  layout_basic_swamp, hangedman_swamp_ruin_hall, swamp_pool4
Swamp:2:  layout_basic_swamp, nicolae_swamp_stair_fork
Swamp:3:  layout_falls_marsh, evilmike_swamp_ruin_house_5,
          cheibrodos_swamp_kobolds
Swamp:4:  swamp_vile, layout_basic_swamp
Spider:1: nicolae_spider_corner, ebering_ghost_reflecting_pool
Orc:1:    layout_caves, ebering_ghost_reflecting_pool
Orc:2:    st_orc_rangers, layout_caves, special_room, uniq_maurice,
          uniq_saint_roka

Skill      XL: |  1  2  3  4  5  6  7  8  9 10 11 12 13 14 15 16 17 |
---------------+----------------------------------------------------+-----
Dodging        | 2 3 5 6 7 8 9 10 | 10.0
Fighting       | 1 2 3 5 7 8 9 11 12 13 15 | 15.8
Fire Magic     | 4 5 6 7 8 10 11 | 11.0
Conjurations   | 2 3 5 6 7 8 11 13 14 | 14.8
Spellcasting   | 3 5 6 10 11 12 | 12.0
Invocations    | 1 4 6 8 10 | 10.0
Shields        | 4 7 10 | 10.7
Stealth        | |  1.7

Action                   |  1- 3 |  4- 6 |  7- 9 | 10-12 | 13-15 | 16-18 || total
-------------------------+-------+-------+-------+-------+-------+-------++-------
Melee: Unarmed           |     7 |       |       |       |       |       ||     7
       Tailslap          |     4 |     7 |     8 |    13 |    40 |    20 ||    92
       Whip              |    28 |    21 |       |       |       |       ||    49
       Short sword       |       |    24 |       |       |       |       ||    24
       Hand axe          |       |     4 |       |       |       |       ||     4
       Long sword        |       |     3 |    28 |    19 |   137 |   116 ||   303
Throw: Throwing net      |       |       |       |       |     1 |       ||     1
 Cast: Flame Tongue      |    57 |   134 |   258 |   364 |   940 |   254 ||  2007
       Conjure Flame     |       |     5 |     5 |    10 |    33 |       ||    53
       Sticky Flame      |       |       |    10 |    57 |   211 |   123 ||   401
       Fireball          |       |       |       |    30 |   169 |   146 ||   345
       Stone Arrow       |       |       |       |       |    17 |       ||    17
       Mephitic Cloud    |       |       |       |       |    26 |     1 ||    27
       Blink             |       |       |       |       |     4 |    16 ||    20
       Orb of Destructio |       |       |       |       |    13 |    42 ||    55
       Animate Skeleton  |       |       |       |       |     9 |    12 ||    21
Invok: Channel Magic     |       |       |       |     1 |    16 |    12 ||    29
       Divine Energy     |       |       |       |       |       |     1 ||     1
       Stop Divine Energ |       |       |       |       |       |     1 ||     1
 Abil: Breathe Lightning |       |       |    11 |    15 |    40 |     9 ||    75
       Fly               |       |       |       |       |     2 |       ||     2
       Stop Flying       |       |       |       |       |     1 |       ||     1
Evoke: Wand              |       |       |       |     1 |       |       ||     1
       Lamp of fire      |       |       |       |       |     2 |       ||     2
  Use: Scroll            |     1 |     7 |     4 |    10 |    12 |     7 ||    41
       Potion            |     1 |       |       |     3 |     4 |     5 ||    13
 Stab: Sleeping          |       |     1 |       |       |       |       ||     1
       Confused          |       |       |       |       |       |     1 ||     1
  Eat: Chunk             |     4 |     9 |    16 |    19 |    45 |    20 ||   113
       Ration            |       |     1 |     2 |     7 |    25 |    18 ||    53
Armor: Skin              |    35 |    23 |    29 |    43 |   180 |   143 ||   453
Dodge: Dodged            |    75 |    64 |   140 |   307 |  1035 |   450 ||  2071
       Deflected         |       |     3 |     5 |     3 |    72 |    10 ||    93
Block: Buckler           |       |       |       |       |   138 |   187 ||   325
       Rpst.: Long sword |       |     2 |    46 |   105 |   207 |    82 ||   442

Table legend:
 A = Non-vault XP
 B = Vault XP
 C = Vault XP percentage of total XP
 D = Non-vault monster count
 E = Vault monster count
 F = Vault count percentage of total count
                 A         B        C        D         E       F
            +---------+---------+-------+---------+---------+-------
      Total |  148871 |   79834 |  34.9 |     695 |     273 |  28.2
            +---------+---------+-------+---------+---------+-------
        D:1 |      78 |       9 |  10.3 |      22 |       6 |  21.4
        D:2 |     148 |      70 |  32.1 |      31 |      11 |  26.2
        D:3 |      23 |       7 |  23.3 |      12 |       4 |  25.0
        D:4 |     144 |     228 |  61.3 |       4 |       8 |  66.7
        D:5 |     289 |       0 |   0.0 |       6 |       0 |   0.0
        D:6 |    1365 |      92 |   6.3 |      42 |       2 |   4.5
        D:7 |     731 |     159 |  17.9 |      13 |       2 |  13.3
        D:8 |    1158 |       0 |   0.0 |      35 |       0 |   0.0
        D:9 |     877 |     200 |  18.6 |      12 |       6 |  33.3
       D:10 |    2372 |    1008 |  29.8 |      27 |       9 |  25.0
       D:11 |    9389 |    4963 |  34.6 |      42 |      34 |  44.7
       D:12 |    1539 |     940 |  37.9 |      21 |       1 |   4.5
       D:13 |   10812 |     861 |   7.4 |      39 |       3 |   7.1
       D:14 |    6018 |    5173 |  46.2 |      29 |      29 |  50.0
       D:15 |   10728 |    7022 |  39.6 |      31 |       9 |  22.5
     Lair:1 |    7798 |       0 |   0.0 |      33 |       0 |   0.0
     Lair:2 |    3371 |     824 |  19.6 |      12 |       3 |  20.0
     Lair:3 |    5927 |    1306 |  18.1 |      24 |       8 |  25.0
     Lair:4 |    1831 |       0 |   0.0 |       4 |       0 |   0.0
     Lair:5 |    6041 |    2890 |  32.4 |      16 |      11 |  40.7
     Lair:6 |    7484 |   10998 |  59.5 |      26 |      26 |  50.0
    Swamp:1 |   17102 |       0 |   0.0 |      44 |       0 |   0.0
    Swamp:2 |    8485 |       0 |   0.0 |      24 |       0 |   0.0
    Swamp:3 |   15775 |    4866 |  23.6 |      39 |       5 |  11.4
    Swamp:4 |   16275 |   15358 |  48.6 |      35 |      27 |  43.5
   Spider:1 |    8581 |    9397 |  52.3 |      28 |      20 |  41.7
      Orc:1 |    2415 |    2181 |  47.5 |      21 |       8 |  27.6
      Orc:2 |    2115 |   11282 |  84.2 |      23 |      41 |  64.1
            +---------+---------+-------+---------+---------+-------
